 Dungeon Crawl Stone Soup version 0.30-b1-2-g02819fbbbe (webtiles) character file.

Game seed: 4062360907985920701

4209 Flugkiller the Protected (level 10, -1/92 HPs)
             Began as a Minotaur Fighter on May 8, 2023.
             Was a Priest of Cheibriados.
             Slain by a fire elemental (11 damage)
             ... summoned by a deep elf pyromancer
             ... on level 7 of the Dungeon.
             The game lasted 00:04:14 (6597 turns).

Flugkiller the Protected (Minotaur Fighter)         Turns: 6597, Time: 00:04:14

Health: -1/92      AC: 17    Str: 34    XL:     10   Next: 8%
Magic:  11/11      EV: 10    Int: 13    God:    Cheibriados [***...]
Gold:   117        SH:  6    Dex: 17    Spells: 9/9 levels left

rFire   . . .        a - +0 war axe (freeze)
rCold   + . .        c - +0 buckler
rNeg    . . .        b - +0 scale mail
rPois   .            (helmet restricted)
rElec   .            d - +0 cloak
rCorr   .            o - +1 pair of gloves
SInv    .            g - +0 pair of boots
Will    .....        (no amulet) Stlth
                     p - +4 ring of protection
HPRegen 0.35/turn    (no ring)
MPRegen 0.12/turn

%: clarity
@: about to teleport, very slow
A: horns 2, retaliatory headbutt, clarity, cold resistance 1, wild magic 1,
MP-powered wands
a: Renounce Religion, Bend Time, Temporal Distortion


You were on level 7 of the Dungeon.
You worshipped Cheibriados.
Cheibriados was most pleased with you.
You visited 2 branches of the dungeon, and saw 8 of its levels.

You collected 282 gold pieces.
You spent 165 gold pieces at shops.

Inventory:

Hand Weapons
 a - a +0 war axe of freezing (weapon)
Armour
 b - a +0 scale mail (worn)
 c - a +0 buckler (worn)
 d - a +0 cloak (worn)
   (You took it off Crazy Yiuf on level 6 of the Dungeon)
 g - a +0 pair of boots (worn)
   (You found it on level 3 of the Dungeon)
 o - a +1 pair of gloves (worn)
   (You bought it in a shop on level 5 of the Dungeon)
Jewellery
 p - a +4 ring of protection (left hand)
   (You found it on level 7 of the Dungeon)
Wands
 e - a wand of charming (10)
   (You found it on level 7 of the Dungeon)
 j - a wand of iceblast (6)
   (You found it on level 4 of the Dungeon)
 k - a wand of quicksilver (10)
   (You found it on level 6 of the Dungeon)
 n - a wand of mindburst (9)
   (You found it on level 6 of the Dungeon)
Scrolls
 f - 2 scrolls of enchant weapon
 l - a scroll of magic mapping
 r - a scroll of identify
 t - a scroll of teleportation
Potions
 h - 2 potions of haste
 i - a potion of brilliance {unknown}
 m - a potion of mutation
 q - 3 potions of curing


   Skills:
 * Level 9.7 Fighting
 * Level 9.4 Axes
 * Level 9.7 Armour
 + Level 7.3 Shields
 * Level 3.9 Invocations


You had 9 spell levels left.
You didn't know any spells.
Your spell library was empty.

Dungeon Overview and Level Annotations

Branches:
Dungeon (7/15)             Temple (1/1) D:5

Altars:
Ashenzari
Cheibriados
Dithmenos
Elyvilon
Fedhas
Gozag
Hepliaklqana
Kikubaaqudgha
Makhleb
Nemelex Xobeh
Okawaru
Qazlal
Trog
Uskayaw
Vehumet
Wu Jian
Xom
Yredelemnul
Zin
The Shining One

Shops:
D:3 (   D:5 (*[=*   D:6 *


Innate Abilities, Weirdness & Mutations

You have a pair of horns on your head.
You reflexively headbutt those who attack you in melee.
You possess an exceptional clarity of mind.
Your flesh is cold resistant. (rC+)
Your spells are a little harder to cast, but a little more powerful.
You expend magic power (3 MP) to strengthen your wands.


Message History

You slash the orc! You freeze the orc.
You kill the orc!
Cheibriados appreciates the change of pace.
No target in view!
No target in view!
i - a bubbling blue potion
Things that are here:
a +0 hand axe; an orc corpse
Things that are here:
a +0 trident; a +0 leather armour; an orc corpse
f - 2 scrolls of enchant weapon (gained 1)
A sleepcap comes into view.
A sleepcap is nearby!
The sleepcap releases spores at you but does no damage.
You hit the sleepcap. You freeze the sleepcap.
The sleepcap is lightly damaged.
The sleepcap completely misses you.
You slash the sleepcap! You freeze the sleepcap.
You headbutt the sleepcap, but do no damage.
The sleepcap is almost destroyed.
The sleepcap releases spores at you but does no damage.
You slash the sleepcap! You freeze the sleepcap.
You destroy the sleepcap!
Cheibriados appreciates the change of pace.
No target in view!
Found a scroll of teleportation.
p - a +4 ring of protection;
o - a +1 pair of gloves (worn)
p - a +4 ring of protection (left hand) Unknown command.
t - 2 scrolls of teleportation (gained 1)
Found a stone staircase leading up.
Found a stone staircase leading up.
There is a stone staircase leading up here.
Found 9 stones.
Found a stone staircase leading down.
No target in view!
No target in view!
No target in view!
No target in view!
No target in view!
There is a stone staircase leading down here.
You see here the +8 dagger "Igeteipegg" {heavy, rC+ MP+9 SInv}.
Found a war axe.
Found a granite statue.
Found 8 stones.
No target in view!
No target in view!
No target in view!
No target in view!
r - a scroll labelled GUMIEWIAHO
As you read the scroll labelled GUMIEWIAHO, it crumbles to dust.
Magic quickly surges around you.
It was a scroll of vulnerability.
Unknown command.
r - a scroll of identify You feel your willpower return.
You open the gate.
A deep elf pyromancer comes into view. It is wielding a +0 long sword.
The deep elf pyromancer shouts!
The deep elf pyromancer gestures at you while chanting.
The sticky flame hits you.
You are covered in liquid flames!
Found 20 gold pieces and a book of Sloth.
You are on fire!
You are on fire!
You are covered in liquid flames!
You are no longer on fire.
The deep elf pyromancer mumbles some strange words. x2
There is an open gate here.
You barely miss the fire elemental. x2; You miss the fire elemental.
The fire elemental misses you. The fire elemental hits you.
The fire elemental burns you! The fire elemental hits you.
The fire elemental burns you!
You slash the fire elemental! You freeze the fire elemental.
Your headbutt misses the fire elemental.
The fire elemental is heavily damaged.
You closely miss the fire elemental. x2; The fire elemental hits you.
The fire elemental burns you! The fire elemental barely misses you.
You block the fire elemental's attack.
Okay, then.
As you read the scroll of teleportation, it crumbles to dust.
You feel strangely unstable. The fire elemental hits you.
The fire elemental burns you! The fire elemental hits you.
The fire elemental burns you! The fire elemental hits you.
The fire elemental burns you!
* * * LOW HITPOINT WARNING * * *
The deep elf pyromancer gestures wildly while chanting.
The deep elf pyromancer blinks!
Unknown command.
Okay, then.
You block the fire elemental's attack. The fire elemental hits you.
The fire elemental burns you!
* * * LOW HITPOINT WARNING * * *
The fire elemental hits you. The fire elemental burns you!
* * * LOW HITPOINT WARNING * * *
The fire elemental hits you. The fire elemental burns you!
* * * LOW HITPOINT WARNING * * *
Unknown command.
The deep elf pyromancer casts a spell.
The deep elf pyromancer blinks!
The fire elemental hits you. The fire elemental burns you!
You die...

#.###########..# ####.)....(.
#..## ###........... #...#
#...##.8######+++#.#.#
#.####.......+:.⌠#.#.# #.#
#.......+..§#.#.# #.#
#.......+°°.#.#.######## #.#
#.8######☼○'#........... #####.#
#......@E○☼.#.#.#####... ......#
#.......EEe.#...##...... ......#
#.###########..###......
......####.............###.......
....(...###...##.#######.........
............###..........#.......
##..............##########.......
....................#............
.#......###..#....#..............


You could see a deep elf pyromancer and 3 fire elementals.

Vanquished Creatures
  A kobold demonologist (D:6)
  Grinder (D:6)
  Sigmund (D:3)
  Menkaure (D:6)
  Edmund (D:5)
  A sky beast (D:7)
  3 black bears
  3 ogres
  A phantom (D:6)
  7 kobold brigands (D:6)
  3 bullfrogs
  3 scorpions
  19 killer bees
  5 howler monkeys
  3 orc priests
  3 hounds
  2 jellies (D:6)
  2 sleepcaps
  Crazy Yiuf (D:6)
  5 iguanas
  5 orc wizards
  6 adders
  2 shadow imps
  3 worms
  6 dart slugs
  26 orcs
  6 ball pythons
  4 bats
  9 endoplasms
  5 giant cockroaches
  4 goblins
  10 hobgoblins
  2 jackals (D:5)
  5 quokkas
  A frilled lizard (D:2)
  16 kobolds
  5 rats
181 creatures vanquished.

Vanquished Creatures (others)
  3 fungi (D:3)
  7 plants (D:3)
10 creatures vanquished.

Grand Total: 191 creatures vanquished

Notes
Turn   | Place    | Note
-------+----------+-------------------------------------------
     0 | D:1      | Flugkiller the Minotaur Fighter began the quest for the
                  | Orb.
     0 | D:1      | Reached XP level 1. HP: 19/19 MP: 0/0
    28 | D:1      | You fall into a shaft and drop 1 floor!
    32 | D:2      | Found a blossoming altar of Fedhas.
    57 | D:2      | Reached XP level 2. HP: 22/27 MP: 1/1
   333 | D:1      | Reached XP level 3. HP: 33/33 MP: 2/2
  1043 | D:3      | Noticed a scorpion
  1052 | D:3      | Killed a scorpion
  1053 | D:3      | Reached XP level 4. HP: 10/41 MP: 3/3
  1384 | D:3      | Reached XP level 5. HP: 34/47 MP: 4/4
  1476 | D:3      | Noticed Sigmund
  1505 | D:3      | Killed Sigmund
  1506 | D:3      | Reached skill level 5 in Fighting
  1506 | D:3      | Reached skill level 5 in Armour
  1506 | D:3      | Reached XP level 6. HP: 4/56 MP: 5/5
  2060 | D:3      | Found a faded altar of an unknown god.
  2104 | D:3      | Found Yladacal's Weapon Boutique.
  2257 | D:4      | Reached skill level 5 in Axes
  2423 | D:4      | Found a bloodstained altar of Trog.
  2430 | D:4      | Reached skill level 5 in Shields
  2430 | D:4      | Reached XP level 7. HP: 51/63 MP: 6/6
  3054 | D:5      | Entered Level 5 of the Dungeon
  3131 | D:5      | Found a staircase to the Ecumenical Temple.
  3165 | Temple   | Entered the Ecumenical Temple
  3171 | Temple   | Became a worshipper of Cheibriados the Contemplative
  3205 | D:5      | Reached XP level 8. HP: 41/71 MP: 7/7
  3210 | D:5      | Found Jiczeoka's Assorted Antiques.
  3383 | D:5      | Bought a scroll labelled WAMARUU DIOFA for 23 gold pieces
  3401 | D:5      | Found Hawebb's Firing Range.
  3426 | D:5      | Reached skill level 1 in Invocations
  3672 | D:5      | Reached * piety under Cheibriados
  3786 | D:5      | Found Vialowo's Antique Armour Emporium.
  3793 | D:5      | Bought a pair of glowing gloves for 142 gold pieces
  4133 | D:5      | Found Namomm's Jewellery Boutique.
  4160 | D:5      | Noticed Edmund
  4173 | D:5      | Killed Edmund
  4414 | D:5      | Found Qeamuafi's Assorted Antiques.
  4546 | D:6      | Found Cemim's General Store.
  4572 | D:6      | Noticed Menkaure
  4578 | D:6      | Killed Menkaure
  4797 | D:6      | Noticed Grinder
  4809 | D:6      | Paralysed by Grinder for 4 turns
  4816 | D:6      | Killed Grinder
  4817 | D:6      | Reached XP level 9. HP: 55/81 MP: 9/9
  5188 | D:6      | Reached ** piety under Cheibriados
  5244 | D:6      | Found a radiant altar of Vehumet.
  5459 | D:6      | Found an iron altar of Okawaru.
  5571 | D:6      | Gained mutation: You expend magic power (3 MP) to
                  | strengthen your wands. [potion of mutation]
  5571 | D:6      | Gained mutation: Your spells are a little harder to cast,
                  | but a little more powerful. [potion of mutation]
  5571 | D:6      | Gained mutation: Your flesh is cold resistant. (rC+)
                  | [potion of mutation]
  5571 | D:6      | Gained mutation: You possess an exceptional clarity of
                  | mind. [potion of mutation]
  5729 | D:6      | Found the +7 Throatcutter {drain, coup de grace}
  5729 | D:6      | Noticed a kobold demonologist
  5738 | D:6      | Noticed a hellwing
  5740 | D:6      | Noticed a hellwing
  5740 | D:6      | Killed a kobold demonologist
  5979 | D:6      | Found a runed translucent door.
  5980 | D:6      | Noticed Crazy Yiuf
  5985 | D:6      | Killed Crazy Yiuf
  6108 | D:7      | Reached *** piety under Cheibriados
  6124 | D:7      | Reached XP level 10. HP: 12/91 MP: 11/11
  6128 | D:7      | HP: 4/91 [killer bee (6)]
  6505 | D:7      | Identified the +8 dagger "Igeteipegg" {heavy, rC+ MP+9
                  | SInv}
  6591 | D:7      | Noticed a deep elf pyromancer
  6597 | D:7      | Slain by a fire elemental

Illustrated notes

Levels and vault maps discovered:
D:1:      scummos_arrival_hexagon, layout_basic
D:2:      layout_basic, basic_altar
D:3:      layout_basic, serial_shops, nicolae_shop_window_shopping,
          shapermc_ecumenical_altar_mp_urbaneastern, uniq_sigmund
D:4:      layout_rooms, trog_three_pillars_becter, minmay_goblin_kobold_house
D:5:      layout_gridville, temple_green, serial_shops, shop, shop,
          nicolae_shop_hallway_plus, shop, nicolae_shop_firing_range,
          uniq_edmund
D:6:      minmay_general_purpose_star, layout_loops_ring,
          hellmonk_okawaru_the_only_friend_you_need, vehumet_crystals,
          serial_shops, nicolae_shop_advertising_works
          [nicolae_subvault_shop_adworks], dilly_guarded_unrand_throatcut,
          uniq_grinder, uniq_menkaure, uniq_crazy_yiuf_cottage
D:7:      layout_rooms, glass_columns_a, guppyfry_early_elven_hall
Temple:   sentei_temple_godly_chess

Skill      XL: |  1  2  3  4  5  6  7  8  9 |
---------------+----------------------------+-----
Fighting       | 4 5 6 8 9 |  9.7
Axes           | 3 4 5 6 7 9 |  9.4
Armour         | 4 5 6 8 9 |  9.7
Shields        | 4 5 6 7 |  7.3
Invocations    | 2 3 |  3.9

Action                     |  1- 3 |  4- 6 |  7- 9 | 10-12 || total
---------------------------+-------+-------+-------+-------++-------
  Melee: War axe           |    67 |    78 |   254 |    21 ||   420
         Headbutt          |     8 |    10 |    37 |     2 ||    57
    Use: Scroll            |       |     9 |     4 |     3 ||    16
         Potion            |       |     5 |     2 |     4 ||    11
 Armour: Scale mail        |    37 |    64 |   134 |    28 ||   263
  Dodge: Dodged            |    30 |    26 |   137 |    22 ||   215
  Block: Buckler           |    14 |    12 |    68 |    12 ||   106
